 Dungeon Crawl Stone Soup version 0.22-a0-515-g75794bf (webtiles) character file.

2 Amnesiac the Magician (level 1, -4/9 HPs)
             Began as a Spriggan Wanderer on June 19, 2018.
             Slain by a goblin
             ... wielding a +0 club
              (6 damage)
             ... on level 1 of the Dungeon.
             The game lasted 00:02:26 (88 turns).

Amnesiac the Magician (Spriggan Wanderer)             Turns: 88, Time: 00:02:26

Health: -4/9       AC:  2    Str: 10    XL:     1   Next: 33%
Magic:  5/6        EV: 15    Int: 13    God:
Gold:   0          SH:  0    Dex: 13    Spells: 7/8 levels left

rFire    . . .     SeeInvis +   e - +0 dagger
rCold    . . .     Gourm    .   (shield restricted)
rNeg     . . .     Faith    .   d - +0 robe
rPois    .         Spirit   .   (helmet restricted)
rElec    .         Reflect  .   (no cloak)
rCorr    .         Harm     .   (gloves unavailable)
MR       .....                  (boots unavailable)
Stlth    ++........             (no amulet)
HPRegen  0.03/turn              (no ring)
MPRegen  0.10/turn              (no ring)

@: very slightly contaminated, very quick
A: very small, unfitting armour, see invisible, herbivore, speed 3, slow
metabolism 2
a: no special abilities


You were on level 1 of the Dungeon.
You were not hungry.

You visited 1 branch of the dungeon, and saw 1 of its levels.

Inventory:

Hand Weapons
 e - a +0 dagger (weapon)
Armour
 d - a +0 robe (worn)
Wands
 c - a wand of random effects (15)
Scrolls
 a - a scroll of teleportation {!r, unknown}
Comestibles
 f - 2 rations


   Skills:
 + Level 2.2 Short Blades
 - Level 3.0 Stealth
 - Level 4.0 Spellcasting
   Level 1.5 Translocations
   Level 1.0 Air Magic
 * Level 1.8 Evocations


You had 7 spell levels left.
You knew the following spells:

 Your Spells              Type           Power        Failure   Level  Hunger
a - Summon Butterflies    Summ           #.......     21%         1    None

Your spell library contained the following spells:

 Spells                   Type           Power        Failure   Level  Hunger
 Magic Dart               Conj           #...         21%         1    None
 Conjure Flame            Conj/Fire      #.......     52%         3    ###....
 Slow                     Hex            #.......     30%         2    ##.....
 Mephitic Cloud           Conj/Pois/Air  #.......     47%         3    ###....
 Blink                    Tloc           N/A          17%         2    ##.....
 Call Imp                 Summ           #.......     30%         2    ##.....
 Call Canine Familiar     Summ           #.......     52%         3    ###....


Dungeon Overview and Level Annotations

Branches:
Dungeon (1/15)

Altars:


Innate Abilities, Weirdness & Mutations

You are very small and have problems with some larger weapons.
You are too small for most types of armour.
You have supernaturally acute eyesight. (SInv)
You are a herbivore.
You cover ground extremely quickly.
You need to consume almost no food.


Message History

Okay, then.
Okay, then.
Okay, then.
Memorise Summon Butterflies, consuming 1 spell level and leaving 7?
You start memorising the spell.
You continue memorising.
You finish memorising.
Spell assigned to 'a'.
Okay, then.
A rat comes into view.
A rat is nearby!
The helpless rat fails to defend itself.
You puncture the rat!
You kill the rat!
No target in view!
You see here a rat corpse.
A rat and a jackal come into view.
There are monsters nearby!
A rat comes into view.
The jackal barks!
You hear a bark!
Found 15 gold pieces and 2 fizzy orange potions.
A rat and a jackal come into view.
A jackal comes into view.
The jackal moves out of view.
Found two stone staircases leading down.
The jackal barks!
Wear which item? (? for menu, Esc to quit)
Okay, then.
A goblin comes into view.
The goblin shouts!
The jackal closely misses you.
Found a ration.
You see here a ration.
f - 2 rations (gained 1)
A rat comes into view.
You hit the rat.
You kill the rat!
A hobgoblin comes into view. It is wielding a club.
You hit the hobgoblin.
The hobgoblin is almost dead.
The hobgoblin hits you with a club.
You closely miss the hobgoblin.
The hobgoblin is almost dead.
The hobgoblin hits you with a club.
You hit the hobgoblin.
You kill the hobgoblin!
The jackal misses you.
A kobold comes into view.
Found a scroll labeled YLIECL FEDU and a scroll labeled OBBOAK SUCSETI.
The kobold shouts!
Casting: Summon Butterflies (safe; 21% risk of failure)
Confirm with . or Enter, or press ? or * to list all spells.
You miscast Summon Butterflies.
You are very lightly contaminated with residual magic.
You feel a strange surge of energy! The jackal closely misses you.
The kobold hits you.
* * * LOW HITPOINT WARNING * * *
You see here a scroll labeled OBBOAK SUCSETI {!r}.
a - a scroll labeled OBBOAK SUCSETI {!r}
Okay, then.
A dart slug comes into view.
A leopard gecko and a goblin come into view.
The leopard gecko hisses angrily.
The goblin shouts!
A bat comes into view.
A kobold comes into view.
The goblin hits you with a club.
Ouch! That really hurt!
You die...

...>...! #. ..# # . ...
#. .# #.# .#. ... #. ..
#.# ... .... #.
#.###.#####K# ...# #.
..##.... ..##...# #.
#.##..# #.l....#
#.#####.##..# #.gb...#
##.......?..####@##....
#..##......K.h.h...w...#
..###.....##.#..########
### ########...## #
#..## # #### #


You could see a dart slug, a leopard gecko, 2 jackals, a goblin, a bat and 2
kobolds.

Vanquished Creatures
  A hobgoblin (D:1)
  2 rats (D:1)
3 creatures vanquished.

Notes
Turn   | Place    | Note
-------+----------+-------------------------------------------
     0 | D:1      | Amnesiac the Spriggan Wanderer began the quest for the Orb.
     0 | D:1      | Amnesiac set off with: a wand of random effects (15), a +0 robe, a +0 dagger, a ration
     0 | D:1      | Reached XP level 1. HP: 9/9 MP: 6/6
     2 | D:1      | Learned a level 1 spell: Summon Butterflies
    88 | D:1      | Slain by a goblin

Vault maps used:
D:1:      dpeg_arrival_ternary

Action                   || total
-------------------------++-------
Melee: Dagger            ||     5
 Stab: Sleeping          ||     1
Dodge: Dodged            ||     3

Table legend:
 A = Spawn XP
 B = Non-spawn XP
 C = Spawn XP percentage of total XP
 D = Spawn monster count
 E = Non-spawn monster count
 F = Spawn count percentage of total count
 G = Total turns spent on level
                    A         B        C        D         E        F      G
               +---------+---------+-------+---------+---------+-------+---------
         Total |       0 |       4 |   0.0 |       0 |       3 |   0.0 |    88
               +---------+---------+-------+---------+---------+-------+---------
           D:1 |       0 |       4 |   0.0 |       0 |       3 |   0.0 |    88
               +---------+---------+-------+---------+---------+-------+---------
